 Dungeon Crawl Stone Soup version 0.31-a0-149-g3fdcc5976a (webtiles) character file.

Game seed: 14904285793808112347

41 avis the Conjurer (level 3, 0/21 HPs)
             Began as a Tengu Conjurer on June 7, 2023.
             Slain by Ijyb
             ... wielding a +0 dagger
              (2 damage)
             ... on level 2 of the Dungeon.
             The game lasted 00:08:02 (1739 turns).

avis the Conjurer (Tengu Conjurer)                  Turns: 1739, Time: 00:08:02

Health: 0/21       AC:  2    Str: 13    XL:     3   Next: 52%
Magic:  3/7        EV: 12    Int: 18    God:
Gold:   80         SH:  0    Dex: 14    Spells: 0/6 levels left

rFire   . . .        a - +0 dagger
rCold   . . .        (no shield)
rNeg    . . .        c - +0 robe
rPois   .            (helmet restricted)
rElec   .            (no cloak)
rCorr   .            (no gloves)
SInv    .            (boots unavailable)
Will    .....        (no amulet)
Stlth   ++           e - +6 ring of strength
HPRegen 0.23/turn    (no ring)
MPRegen 0.10/turn

%: no passive effects
@: no status effects
A: beak, talons 3
a: no special abilities


You were on level 2 of the Dungeon.
You visited 1 branch of the dungeon, and saw 2 of its levels.

You collected 80 gold pieces.

Inventory:

Hand Weapons
 a - a +0 dagger (weapon)
 f - a +0 short sword
Armour
 c - a +0 robe (worn)
Jewellery
 e - a +6 ring of strength (left hand)
Scrolls
 d - 3 scrolls of identify {unknown}
Potions
 g - a potion of mutation {unknown}
 h - a potion of curing {unknown}


   Skills:
 - Level 2.0 Fighting
 - Level 2.1 Dodging
 - Level 2.0 Stealth
 * Level 2.2 Spellcasting
 - Level 6.0 Conjurations


You couldn't memorise any spells.
You knew the following spells:

 Your Spells              Type           Power      Damage    Failure   Level
a - Magic Dart            Conj           92%        1d7       1%          1
b - Searing Ray           Conj           46%        2d6       2%          2
c - Dazzling Flash        Conj/Hex       24%        N/A       16%         3

Your spell library contained the following spells:

 Spells                   Type           Power      Damage    Failure   Level
 Fulminant Prism          Conj/Hex       6%         3d7       45%         4
 Iskenderun's Mystic Bla  Conj/Tloc      12%        2d5       45%         4


Dungeon Overview and Level Annotations

Branches:
Dungeon (2/15)

Altars:

Annotations:
D:2 Ijyb


Innate Abilities, Weirdness & Mutations

You have a beak for a mouth.
You have claws for feet.


Message History

Aiming: Searing Ray (safe; 2% risk of failure)
Press: ? - help, Shift-Dir - straight line, f - goblin
Aim: a goblin, wielding a +0 club (72% to hit)
The searing ray hits the goblin!
You kill the goblin!
The searing ray hits the goblin!
You kill the goblin!
The searing ray hits the goblin.
You kill the goblin!
The searing ray hits the goblin.
You kill the goblin! (Press . to maintain the ray.) Ijyb shouts!
The goblin shouts!
Without enough magic to sustain it, your searing ray dissipates.
Magic courses through your body. Ijyb screams, "Me stronger than you!"
Casting: Searing Ray (safe; 2% risk of failure)
Confirm with . or Enter, or press ? or * to list all spells.
Aiming: Searing Ray (safe; 2% risk of failure)
Press: ? - help, Shift-Dir - straight line, f - Ijyb
Aim: Ijyb, wielding a +0 dagger, wearing a +3 chain mail and carrying a wand of flame (8) (78% to hit)
The searing ray hits Ijyb but does no damage.
The searing ray hits the goblin!
You kill the goblin! (Press . to maintain the ray.) Ijyb zaps a wand.
The puff of flame hits you!
Ouch! That really hurt!
* * * LOW HITPOINT WARNING * * *
Your magical contamination has completely faded away.
The searing ray hits Ijyb.
Ijyb is lightly wounded.
The searing ray hits Ijyb but does no damage.
Ijyb is lightly wounded.
Ijyb barely misses you.
The searing ray hits Ijyb!
Ijyb is moderately wounded.
You finish channelling your searing ray.
Ijyb grins evilly.
Ijyb hits you with a +0 dagger.
You die...

#.#.#.#.# #...#........
#.#.#...###...#........
#.#.##.>......#...8.8.8
#.#.###########.#######
#.# #)# #)# #)# #g# #@#
#†# ... ....# .....#
####+##


You could see Ijyb.

Vanquished Creatures
  2 dart slugs (D:1)
  3 endoplasms
  2 giant cockroaches
  6 hobgoblins
  4 bats
  3 frilled lizards
  7 goblins
  5 kobolds (D:1)
  A rat (D:1)
33 creatures vanquished.

Notes
Turn   | Place    | Note
-------+----------+-------------------------------------------
     0 | D:1      | avis the Tengu Conjurer began the quest for the Orb.
     0 | D:1      | Reached XP level 1. HP: 10/10 MP: 4/4
   126 | D:1      | Reached skill level 1 in Fighting
   187 | D:1      | Reached XP level 2. HP: 16/16 MP: 4/6
   384 | D:1      | Learned a level 2 spell: Searing Ray
   433 | D:1      | Reached skill level 6 in Conjurations
   858 | D:1      | Reached XP level 3. HP: 20/20 MP: 4/7
  1620 | D:2      | Learned a level 3 spell: Dazzling Flash
  1731 | D:2      | Noticed Ijyb
  1739 | D:2      | Slain by Ijyb

Illustrated notes

Levels and vault maps discovered:
D:1:      psy_arrival_radial02, layout_basic
D:2:      kennysheep_the_goblin_king, layout_basic, serial_shops,
          nicolae_shop_competitors_out_of_business

Skill      XL: |  1  2  3 |
---------------+----------+-----
Fighting       | 1 2 |  2.0
Conjurations   | 6 |  6.0
Dodging        | |  2.1
Stealth        | |  2.0
Spellcasting   | |  2.2

Action                     || total
---------------------------++-------
   Cast: Magic Dart        ||    54
         Searing Ray       ||     2
    Use: Potion            ||     1
 Armour: Robe              ||     2
  Dodge: Dodged            ||     3

Table legend: (Time is in decaauts)
 A = Elapsed time spent in this place.
 B = Non-inter-level travel time spent in this place.
 C = Inter-level travel time spent in this place.
 D = Time resting spent in this place.
 E = Time spent auto-exploring this place.
 F = Levels seen in this place.
 G = Mean time per level.
                   A        B        C        D        E       F      G
               +--------+--------+--------+--------+--------+-----+--------+
         Total |   1738 |   1636 |    102 |    436 |   1013 |   2 |  869.0 |
       Dungeon |   1738 |   1636 |    102 |    436 |   1013 |   2 |  869.0 |
               +--------+--------+--------+--------+--------+-----+--------+

Top non-repeatable levels by time:
     D:1: 1438 daAuts
     D:2: 300 daAuts
